 Dungeon Crawl Stone Soup version 0.26-a0-720-g2a1d101370 (webtiles) character file.

Game seed: 9192132770263955368

296668 dolemite99 the Impaler (level 20, -4/166 HPs)
             Began as a Merfolk Gladiator on Nov 1, 2020.
             Was a High Priest of Okawaru.
             Killed from afar by a wizard (6 damage)
             ... with a fireball
             ... on level 3 of the Vaults on Nov 2, 2020.
             The game lasted 02:08:17 (69129 turns).

dolemite99 the Impaler (Merfolk Gladiator)         Turns: 69129, Time: 02:08:18

Health: -4/166     AC: 34    Str: 19    XL:     20   Next: 91%
Magic:  0/26       EV: 17    Int: 18    God:    Okawaru [*****.]
Gold:   1629       SH:  0    Dex: 20    Spells: 17/26 levels left

rFire    + . .     SeeInvis .   a - +1 bardiche
rCold    . . .     Faith    .   (shield currently unavailable)
rNeg     . . .     Spirit   +   t - +2 plate armour of the Guilds {rPois rF+}
rPois    +         Reflect  .   C - +2 helmet {Int+3}
rElec    .         Harm     .   Y - +2 cloak {MR+}
rCorr    .         Rampage  .   g - +2 pair of gloves {Dex+3}
MR       +++..                  d - +1 pair of boots {run}
Stlth    ..........             u - amulet of guardian spirit
HPRegen  0.37/turn              w - ring of the Establishment {MR+ Int+5 Stlth+}
MPRegen  0.20/turn              y - +4 ring of protection {=R}

@: quick
A: change form in water, swift swim, stealthy swim
}: 2/15 runes: barnacled, gossamer
a: Heroism, Finesse, Renounce Religion


You were on level 3 of the Vaults.
You worshipped Okawaru.
Okawaru was extremely pleased with you.
You visited 6 branches of the dungeon, and saw 34 of its levels.
You also visited: Gauntlet.

You collected 4605 gold pieces.
You spent 2976 gold pieces at shops.

Inventory:

Hand Weapons
 a - a +1 bardiche (weapon)
 b - a +1 longbow
 k - a +2 glaive of protection
Missiles
 j - 821 arrows
Armour
 d - a +1 pair of boots of running (worn)
 g - a +2 pair of gloves of dexterity (worn)
 t - the +2 plate armour of the Guilds (worn) {rPois rF+}
   (You bought it in a shop on level 6 of the Dungeon)

   It protects you from fire.
   It protects you from poison.
 C - a +2 helmet of intelligence (worn)
 Y - a +2 cloak of magic resistance (worn)
Jewellery
 o - an uncursed ring of protection from cold
 q - an uncursed amulet of magic regeneration
 u - an amulet of guardian spirit (around neck)
 w - the ring of the Establishment (left hand) {MR+ Int+5 Stlth+}
   (You found it on level 1 of the Vaults)

   [ring of stealth]

   It affects your intelligence (+5).
   It affects your resistance to hostile enchantments.
   It makes you more stealthy.
 y - a +4 ring of protection (right hand) {=R}
 A - an uncursed ring of protection from magic
 D - an uncursed amulet of reflection
 E - an uncursed ring of resist corrosion
 G - an uncursed ring of see invisible
 W - an uncursed ring of poison resistance
Wands
 B - a wand of paralysis (4)
 I - a wand of disintegration (27)
 K - a wand of enslavement (24)
 P - a wand of digging (3)
 T - a wand of polymorph (15)
Scrolls
 h - 7 scrolls of remove curse {@r2}
 m - 4 scrolls of identify {@r1}
 p - 4 scrolls of silence
 v - 3 scrolls of vulnerability
 F - a scroll of acquirement
 J - 7 scrolls of magic mapping
 Q - a scroll of fear
 U - a scroll of blinking
 Z - 2 scrolls of fog
Potions
 c - 4 potions of curing
 e - 5 potions of berserk rage
 f - 6 potions of flight
 i - 2 potions of heal wounds
 l - 4 potions of stabbing
 n - a potion of resistance
 r - a potion of might
 x - 7 potions of lignification
 z - 5 potions of haste
 H - 3 potions of brilliance
 O - a potion of cancellation
 R - a potion of invisibility {unknown}
 S - 3 potions of ambrosia
 V - a potion of magic
Miscellaneous
 s - a box of beasts (inert)
 L - a box of beasts (inert)
 M - a phantom mirror
 N - a condenser vane (inert)
 X - a tin of tremorstones (inert)


   Skills:
 - Level 16.4 Fighting
 - Level 20.7 Polearms
 - Level 10.7 Bows
 - Level 2.8 Throwing
 - Level 11.0 Armour
 - Level 18.0 Dodging
 + Level 3.9 Spellcasting
 - Level 12.1 Translocations
 - Level 9.2 Invocations
 - Level 10.1 Evocations


You had 17 spell levels left.
You knew the following spells:

 Your Spells              Type           Power        Failure   Level
a - Passwall              Tmut/Erth      #.......     99%         2
b - Teleport Other        Tloc           #####...     5%          3
c - Wereblood             Tmut           #.......     99%         2
d - Blink                 Tloc           N/A          2%          2

Your spell library contained the following spells:

 Spells                   Type           Power        Failure   Level
 Apportation              Tloc           #####.       1%          1
 Gell's Gravitas          Tloc           #####.....   5%          3
 Lesser Beckoning         Tloc           #####.....   5%          3
 Passage of Golubria      Tloc           N/A          19%         4
 Corona                   Hex            #......      95%         1
 Sandblast                Erth           #.....       95%         1
 Sting                    Tmut/Pois      #...         95%         1
 Ensorcelled Hibernation  Hex/Ice        #.....       99%         2
 Poisonous Vapours        Pois/Air       #.....       99%         2
 Confusing Touch          Hex            #.......     100%        3
 Conjure Flame            Conj/Fire      #.......     100%        3
 Dazzling Flash           Conj/Hex       #.....       100%        3
 Ignite Poison            Fire/Tmut/Pois #.......     100%        3
 Mephitic Cloud           Conj/Pois/Air  #.......     100%        3
 Spider Form              Tmut/Pois      #.........   100%        3
 Stone Arrow              Conj/Erth      #.....       100%        3
 Tukima's Dance           Hex            #.......     100%        3
 Fulminant Prism          Conj/Hex       #.........   100%        4
 Petrify                  Tmut/Erth      #.......     100%        4
 Summon Lightning Spire   Summ/Air       #.......     100%        4
 Alistair's Intoxication  Tmut/Pois      #........    100%        5
 Borgnjor's Vile Clutch   Necr/Erth      #.........   100%        5
 Irradiate                Conj/Tmut      #.........   100%        5
 Lee's Rapid Deconstruct  Erth           #.........   100%        5
 Metabolic Englaciation   Hex/Ice        #.........   100%        5
 Silence                  Hex/Air        #.........   100%        5
 Yara's Violent Unravell  Hex/Tmut       #.........   100%        5
 Conjure Ball Lightning   Conj/Air       #.........   100%        6
 Freezing Cloud           Conj/Ice/Air   #.........   100%        6
 Invisibility             Hex            #.......     100%        6
 Shadow Creatures         Summ           N/A          100%        6
 Malign Gateway           Summ/Tloc      ####......   100%        7
 Tornado                  Air            #.........   100%        9


Dungeon Overview and Level Annotations

Branches:
Dungeon (15/15)            Temple (0/1) D:4            Lair (6/6) D:10
 Shoals (4/4) Lair:2       Spider (4/4) Lair:4        Slime (0/5) Lair:6
    Orc (2/2) D:11            Elf (0/3) Orc:2        Vaults (3/5) D:14
  Crypt (0/3) Vaults:2     Depths (0/5) D:15        Gauntlet (visited)

Altars:
Ashenzari
Cheibriados
Dithmenos
Elyvilon
Gozag
Hepliaklqana
Makhleb
Okawaru
Ru
Trog
Wu Jian
Beogh
Jiyva

Shops:
D:6 *   D:9 *   Orc:2 =[([   Vaults:1 ?   Vaults:2 !

Annotations:
D:3 1 runed translucent door, jiml777's ghost, amateur DEAE
D:15 3 runed translucent doors, Qebrul's ghost, journeyman DsGl; Roxanne
Spider:1 2 runed translucent doors, JolietJake's ghost, adept MiFi
Spider:3 exclusion: 2 ice statues


Message History

* * * LOW HITPOINT WARNING * * *
You barely miss the stone giant.
The stone giant is heavily wounded.
The spriggan changes into a komodo dragon!
The stone giant is struck by lightning.
The stone giant closely misses you.
You closely miss the komodo dragon.
The stone giant is struck by lightning.
The stone giant barely misses you.
You hit the stone giant but do no damage.
The stone giant is almost dead.
The komodo dragon completely misses you.
The stone giant closely misses you.
Lightning arcs down from a storm cloud!
You slice the stone giant!!
You kill the stone giant!
Okawaru accepts your kill. The komodo dragon closely misses you.
You closely miss the komodo dragon. The komodo dragon bites you!
* * * LOW HITPOINT WARNING * * *
The wizard casts a spell at you.
The fireball explodes!
The fireball engulfs you. You resist.
You die...

#......# #...# #......# ##
#...# #......# {C..# #.=.#
#......# u..## #...# #......#
..p.# #...# #......# .§§# #...#
#......# .§§# #...#
#####'###########§§########...#
................@§............#
...............l.)............#
..............................#
..............................#
###########################...#
#...# #####################...#
#.....#.....))#.....#...#
#...#.###...#(###...#...#


You could see a komodo dragon shaped shifter and a wizard.

Vanquished Creatures
  Sojobo (Vaults:2)
  Nikola (Shoals:1)
  Arachne (Spider:4)
  Polyphemus (Shoals:3)
  Kirke (D:13)
  A storm dragon (Vaults:1)
  2 tengu reavers (Vaults:2)
  Gastronok (Lair:3)
  Ilsuiw (Shoals:3)
  2 deep elf sorcerers
  6 ghost moths
  Aizul (Vaults:2)
  A fire giant (Vaults:3)
  An orc warlord (Orc:1)
  5 vault wardens
  7 emperor scorpions
  3 ironheart preservers
  3 stone giants
  3 entropy weavers
  An entropy weaver (shapeshifter) (Gauntlet)
  A minotaur (Gauntlet)
  Azrael (D:15)
  2 spark wasps
  An ettin (Vaults:1)
  A deep elf death mage (Vaults:1)
  6 merfolk javelineers
  2 fire dragons
  6 merfolk impalers
  10 vault guards
  12 hydras
  3 yaktaur captains
  2 ice dragons
  5 boulder beetles
  2 catoblepae
  5 merfolk aquamancers
  4 merfolk avatars
  8 centaur warriors
  Erica (Lair:1)
  A ghost crab (Gauntlet)
  A death knight (Vaults:2)
  7 ogre magi
  22 two-headed ogres
  A queen ant (Lair:6)
  2 satyrs
  11 death yaks
  2 deep elf knights
  A vampire mage (D:15)
  8 orc high priests (Orc:2)
  A fire crab (shapeshifter) (Vaults:2)
  A shadow wraith (Vaults:2)
  A golden dragon zombie (D:15)
  A glowing orange brain (shapeshifter) (Vaults:2)
  9 skeletal warriors
  A glowing orange brain (Vaults:1)
  15 sea snakes
  2 deep elf archers
  7 orc knights
  A golden dragon skeleton (D:15)
  11 ironbrand convokers
  An orc sorcerer (D:11)
  19 harpies
  5 deep elf magi
  14 fauns
  30 wolf spiders
  15 orb spiders
  An orb spider (shapeshifter) (Vaults:1)
  8 cyclopes
  A salamander (shapeshifter) (Vaults:3)
  2 necromancers
  10 ugly things
  15 manticores
  A fire giant zombie (D:15)
  2 moths of wrath
  A centaur zombie (D:15)
  6 merfolk sirens
  10 vault sentinels
  9 elephants
  A torpor snail (Spider:1)
  10 water nymphs
  7 black mambas
  A gargoyle (D:12)
  33 cane toads
  A rust devil (D:8)
  Psyche (D:11)
  A cane toad (shapeshifter) (D:14)
  3 rime drakes
  7 komodo dragons
  15 demonic crawlers
  8 yaktaurs
  2 freezing wraiths
  A yaktaur skeleton (D:15)
  7 trolls
  4 tyrant leeches (Lair:6)
  23 jumping spiders
  3 polar bears
  46 merfolk
  6 meliai
  2 tengu simulacra (Vaults:2)
  2 wind drakes (Shoals:4)
  21 blink frogs
  25 slime creatures
  16 hornets
  15 dream sheep
  9 snapping turtles
  58 redbacks
  A shadow (D:12)
  6 spriggans (Lair:2)
  A spriggan (shapeshifter) (D:13)
  17 tarantellas
  5 wyverns
  18 water elementals
  2 vampires
  2 wraiths
  36 yaks
  3 basilisks
  3 fire elementals (D:15)
  8 humans (D:14)
  A hog (shapeshifter) (Gauntlet)
  A golden eye (shapeshifter) (Vaults:2)
  6 vampire mosquitoes (Lair:6)
  A steam dragon (D:9)
  4 hogs
  9 wargs
  19 soldier ants (Lair:6)
  An acid dragon (D:12)
  A naga (shapeshifter) (Gauntlet)
  5 hell hounds
  18 water moccasins
  31 orc warriors
  4 sky beasts
  22 ogres
  5 ice beasts
  2 black bears
  4 phantoms
  10 wolves
  21 centaurs
  A boggart (Vaults:2)
  3 big kobolds
  19 bullfrogs
  7 scorpions
  A water moccasin skeleton (D:11)
  3 killer bees (D:7)
  8 wights
  An electric eel (Lair:6)
  5 howler monkeys
  A quasit (D:10)
  A bullfrog skeleton (D:6)
  32 orc priests
  2 centaur skeletons
  4 hounds
  2 jellies
  27 orc wizards
  Jessica (D:3)
  5 iguanas
  31 worker ants
  A killer bee zombie (D:10)
  A hound zombie (D:5)
  19 adders
  4 gnolls (D:9)
  2 shadow imps
  2 white imps
  2 ufetubi
  2 oozes (D:2)
  An adder skeleton (D:4)
  7 worms
  2 dart slugs
  3 leopard geckos
  132 orcs
  2 ball pythons
  5 giant cockroaches
  6 goblins
  8 hobgoblins
  8 jackals
  23 kobolds
  10 quokkas
  8 bats
  4 frilled lizards
  A jackal skeleton (D:4)
  A leopard gecko skeleton (D:4)
  7 rats
1381 creatures vanquished.

Vanquished Creatures (collateral kills)
  Jorgrun (D:13)
  A merfolk javelineer (Shoals:4)
  A rakshasa (Vaults:2)
  2 vault guards (Vaults:1)
  A two-headed ogre (Vaults:2)
  A death knight (Vaults:2)
  A sea snake (Shoals:1)
  An orc knight (Orc:1)
  A deep elf archer (Vaults:1)
  A harpy (Shoals:4)
  An orb spider (Spider:2)
  4 ugly things
  A faun (Shoals:2)
  A manticore (Shoals:3)
  2 slime creatures (Vaults:1)
  2 vault sentinels (Vaults:1)
  A water nymph (Shoals:4)
  A freezing wraith (Vaults:1)
  2 yaktaurs (Vaults:1)
  2 jumping spiders (Spider:3)
  A merfolk (Shoals:4)
  A hornet (Spider:4)
  A redback (Spider:3)
  An acid dragon (D:13)
  A soldier ant (Lair:6)
  3 orc warriors
  A boggart (shapeshifter) (Vaults:1)
  An ogre (Vaults:1)
  5 orc priests
  3 orcs
46 creatures vanquished.

Vanquished Creatures (others)
  A spark wasp (Spider:4)
  A vault guard (D:14)
  A shadow wraith (Vaults:3)
  An ironbrand convoker (Vaults:2)
  A water elemental (Shoals:3)
  A tarantella (Spider:2)
  A centaur (D:14)
  2 orcs (D:15)
  3 bushes (Lair:6)
  120 fungi
  346 plants
  23 tentacles
  10 withered plants
511 creatures vanquished.

Grand Total: 1938 creatures vanquished

Notes
Turn   | Place    | Note
-------+----------+-------------------------------------------
     0 | D:1      | dolemite99 the Merfolk Gladiator began the quest for the
                  | Orb.
     0 | D:1      | Reached XP level 1. HP: 16/16 MP: 1/1
    95 | D:1      | Reached skill level 5 in Polearms
   104 | D:1      | Reached XP level 2. HP: 15/22 MP: 2/2
   685 | D:1      | Reached skill level 6 in Polearms
   685 | D:1      | Reached XP level 3. HP: 27/27 MP: 3/3
   795 | D:2      | Found a broken altar of Ashenzari.
  1179 | D:2      | Found an iron altar of Okawaru.
  1180 | D:2      | Found a snail-covered altar of Cheibriados.
  1247 | D:2      | Became a worshipper of Warmaster Okawaru
  1386 | D:2      | Reached skill level 7 in Polearms
  1386 | D:2      | Reached XP level 4. HP: 22/33 MP: 4/4
  2120 | D:3      | Reached skill level 8 in Polearms
  2133 | D:3      | Reached XP level 5. HP: 26/38 MP: 5/5
  2569 | D:3      | Found a sacrificial altar of Ru.
  3205 | D:3      | Reached skill level 9 in Polearms
  3374 | D:3      | Noticed Jessica
  3381 | D:3      | Killed Jessica
  3521 | D:3      | Found a runed translucent door.
  3521 | D:3      | Noticed jiml777's ghost (amateur DEAE)
  3625 | D:4      | Noticed an ogre
  3633 | D:4      | Killed an ogre
  3633 | D:4      | Reached * piety under Okawaru
  3633 | D:4      | Reached skill level 10 in Polearms
  3633 | D:4      | Reached XP level 6. HP: 44/44 MP: 6/6
  3663 | D:4      | You fall into a shaft and drop 2 floors!
  3664 | D:6      | Found an ornate altar of the Wu Jian Council.
  3727 | D:5      | Entered Level 5 of the Dungeon
  3844 | D:5      | Found a white marble altar of Elyvilon.
  4181 | D:4      | Reached XP level 7. HP: 49/52 MP: 7/7
  4359 | D:4      | Found a burning altar of Makhleb.
  4425 | D:4      | Reached ** piety under Okawaru
  4589 | D:4      | Found a staircase to the Ecumenical Temple.
  4771 | D:5      | Noticed a moth of wrath
  4774 | D:5      | Found a bloodstained altar of Trog.
  4896 | D:5      | Reached skill level 5 in Fighting
  6174 | D:6      | Reached skill level 1 in Bows
  6192 | D:6      | Reached XP level 8. HP: 52/64 MP: 8/8
  6360 | D:6      | Found Ishrov's Assorted Antiques.
  6377 | D:6      | Bought a scroll of blinking for 127 gold pieces
  6377 | D:6      | Bought a scroll of teleportation for 51 gold pieces
  6377 | D:6      | Bought a fizzy brown potion for 15 gold pieces
  6377 | D:6      | Bought a scroll of identify for 34 gold pieces
  6377 | D:6      | Bought a tapered brass wand for 68 gold pieces
  6377 | D:6      | Bought 2 green potions for 30 gold pieces
  7371 | D:7      | Reached skill level 5 in Bows
  7831 | D:7      | Reached *** piety under Okawaru
  7838 | D:7      | Reached XP level 9. HP: 69/69 MP: 9/9
  8519 | D:8      | Reached skill level 1 in Invocations
  8649 | D:7      | Noticed a rust devil
  8649 | D:7      | Noticed a rust devil
  8698 | D:8      | Found a shadowy altar of Dithmenos.
  9806 | D:8      | Reached skill level 5 in Invocations
 10667 | D:9      | Found Pesoll's General Store.
 10675 | D:9      | Bought a wand of paralysis (8) for 140 gold pieces
 10675 | D:9      | Bought a potion of heal wounds for 70 gold pieces
 11111 | D:9      | Noticed a two-headed ogre
 11123 | D:9      | Killed a two-headed ogre
 11123 | D:9      | Reached **** piety under Okawaru
 11123 | D:9      | Reached XP level 10. HP: 69/76 MP: 12/16
 11230 | D:10     | Entered Level 10 of the Dungeon
 11335 | D:10     | Received a gift from Okawaru
 11492 | D:10     | Noticed an elephant
 11524 | D:10     | Killed an elephant
 11673 | D:10     | Found a staircase to the Lair.
 11881 | D:10     | Found an opulent altar of Gozag.
 11903 | D:10     | Noticed an elephant
 11915 | D:10     | Killed an elephant
 11915 | D:10     | Reached skill level 10 in Fighting
 12476 | D:10     | Noticed an elephant
 12499 | D:10     | Killed an elephant
 12499 | D:10     | Reached XP level 11. HP: 88/92 MP: 17/17
 13008 | D:11     | Noticed a two-headed ogre
 13020 | D:11     | Killed a two-headed ogre
 13020 | D:11     | Reached ***** piety under Okawaru
 13165 | D:11     | Noticed an eight-headed hydra
 13171 | D:11     | Killed an eight-headed hydra
 13171 | D:11     | Received a gift from Okawaru
 13347 | D:11     | Reached skill level 1 in Armour
 13371 | D:11     | Received a gift from Okawaru
 13901 | D:11     | Found a staircase to the Orcish Mines.
 14075 | D:11     | Noticed a boulder beetle
 14121 | D:11     | Killed a boulder beetle
 14550 | D:11     | Noticed Psyche
 14553 | D:11     | Killed Psyche
 14699 | D:12     | Reached skill level 5 in Armour
 14893 | D:12     | Noticed a catoblepas
 15059 | D:12     | Noticed a deep elf mage
 15068 | D:12     | Killed a deep elf mage
 15068 | D:12     | Reached XP level 12. HP: 94/102 MP: 16/18
 15161 | D:12     | Noticed a centaur warrior
 15167 | D:12     | Killed a centaur warrior
 15167 | D:12     | Noticed a four-headed hydra
 15192 | D:12     | Killed a four-headed hydra
 15743 | Lair:1   | Entered Level 1 of the Lair of Beasts
 16064 | Lair:1   | Received a gift from Okawaru
 16280 | Lair:1   | Noticed Erica
 16295 | Lair:1   | Killed Erica
 16507 | Lair:1   | Noticed an eight-headed hydra
 16518 | Lair:1   | Killed an eight-headed hydra
 16942 | Lair:2   | Received a gift from Okawaru
 17371 | Lair:2   | Found a staircase to the Shoals.
 17881 | Lair:3   | Identified the Compendium of the Voyage and Transmigration
 18438 | Lair:3   | Reached skill level 1 in Evocations
 18446 | Lair:3   | Received a gift from Okawaru
 18446 | Lair:3   | Reached XP level 13. HP: 95/108 MP: 13/19
 18539 | Lair:3   | Noticed Gastronok
 18561 | Lair:3   | Killed Gastronok
 18584 | Lair:3   | Reached skill level 5 in Evocations
 19560 | Lair:4   | Found a bloodstained altar of Trog.
 19611 | Lair:4   | Found a hole to the Spider Nest.
 19902 | Lair:4   | Received a gift from Okawaru
 20118 | Lair:4   | Reached skill level 11 in Polearms
 21011 | Lair:4   | Reached skill level 12 in Polearms
 21677 | Lair:5   | Received a gift from Okawaru
 21692 | Lair:5   | Reached skill level 13 in Polearms
 21862 | Lair:5   | Received a gift from Okawaru
 22190 | Lair:5   | Reached skill level 14 in Polearms
 22383 | Lair:5   | Reached XP level 14. HP: 108/115 MP: 18/20
 22651 | Lair:6   | Entered Level 6 of the Lair of Beasts
 22810 | Lair:6   | Reached skill level 15 in Polearms
 23093 | Lair:6   | Reached skill level 16 in Polearms
 23277 | Lair:6   | Received a gift from Okawaru
 23837 | Lair:6   | Reached skill level 5 in Dodging
 23867 | Lair:6   | Received a gift from Okawaru
 23967 | Lair:6   | Identified a +0 pair of boots of running (Okawaru gifted it
                  | to you on level 6 of the Lair of Beasts)
 24709 | Lair:6   | Reached skill level 10 in Dodging
 25002 | Lair:6   | Noticed an entropy weaver
 25012 | Lair:6   | Killed an entropy weaver
 25012 | Lair:6   | Received a gift from Okawaru
 25012 | Lair:6   | Reached XP level 15. HP: 104/121 MP: 21/21
 25656 | Lair:6   | Found a staircase to the Slime Pits.
 25656 | Lair:6   | Found a viscous altar of Jiyva.
 26633 | Orc:1    | Entered Level 1 of the Orcish Mines
 26634 | Orc:1    | Noticed an orc warlord
 26660 | Orc:1    | Killed an orc warlord
 26660 | Orc:1    | Received a gift from Okawaru
 26710 | Orc:1    | Reached skill level 17 in Polearms
 26859 | Orc:1    | Found a roughly hewn altar of Beogh.
 27216 | Orc:1    | You fall into a shaft and drop 1 floor!
 27216 | Orc:2    | Entered Level 2 of the Orcish Mines
 28053 | D:6      | Bought a spiked plate armour for 476 gold pieces
 28063 | D:6      | Identified the +2 plate armour of the Guilds {rPois rF+}
                  | (You bought it in a shop on level 6 of the Dungeon)
 28373 | D:8      | Found a hazy altar of Hepliaklqana.
 28547 | D:8      | Learned a level 2 spell: Passwall
 28551 | D:8      | Learned a level 3 spell: Teleport Other
 30380 | D:13     | Received a gift from Okawaru
 30423 | D:13     | Identified the +1 scale mail of the Sky {Slay+5}
 30653 | D:13     | Noticed Jorgrun
 30937 | D:13     | Killed Jorgrun
 30937 | D:13     | Received a gift from Okawaru
 31248 | D:13     | Received a gift from Okawaru
 31706 | D:14     | Found a gate leading to a gauntlet.
 31741 | Gauntlet | Entered a Gauntlet
 31741 | Gauntlet | Found a transporter.
 31741 | Gauntlet | Found a transporter.
 31741 | Gauntlet | Found a transporter.
 31763 | Gauntlet | Found a transporter.
 31776 | Gauntlet | Found a transporter.
 31779 | Gauntlet | Found a transporter.
 31794 | Gauntlet | Found a transporter.
 31813 | Gauntlet | Found a transporter.
 31833 | Gauntlet | Found a transporter.
 31834 | Gauntlet | Found a transporter.
 31842 | Gauntlet | Found a transporter.
 31845 | Gauntlet | Found a transporter.
 31846 | Gauntlet | Found a runed translucent door.
 32386 | Gauntlet | Got a pair of faintly humming gloves
 32404 | Gauntlet | Identified the +1 pair of gloves of Inviolability {Str+2}
                  | (You found it in a Gauntlet)
 32498 | Gauntlet | Identified the cursed +1 lajatang of the Extremely Mad
                  | {spect, rPois rN++ Int+4}
 32498 | Gauntlet | Identified the +6 fustibalus of Sudden Death {vorpal, rN+
                  | MP-9 Dex+2}
 32501 | Gauntlet | Identified the cursed +1 lajatang of the Extremely Mad
                  | {spect, rPois rN++ Int+4}
 32521 | Gauntlet | Identified Yworch's Compendium of Beguiling and
                  | Transmutation
 32814 | D:14     | Reached skill level 15 in Dodging
 33197 | D:14     | Found a gate to the Vaults.
 33308 | D:14     | Got a smoking plate armour
 33319 | D:14     | Identified the +6 plate armour of the Armadillo {rElec}
                  | (You found it on level 14 of the Dungeon)
 33353 | D:14     | Reached XP level 16. HP: 133/133 MP: 14/22
 33999 | D:14     | Noticed Kirke
 34287 | D:13     | Killed Kirke
 34624 | D:15     | Entered Level 15 of the Dungeon
 34639 | D:15     | Found a staircase to the Depths.
 34878 | D:15     | Noticed Azrael
 34895 | D:15     | Killed Azrael
 34946 | D:15     | Received a gift from Okawaru
 35356 | D:15     | Found a runed translucent gate.
 35356 | D:15     | Found a runed translucent gate.
 35356 | D:15     | Found a runed translucent gate.
 35356 | D:15     | Noticed Qebrul's ghost (journeyman DsGl)
 35404 | D:15     | Noticed Roxanne
 35635 | D:15     | Identified a scroll of acquirement
 35652 | D:15     | Acquired an uncursed ring of protection from cold
 36487 | Spider:1 | Entered Level 1 of the Spider Nest
 36901 | Shoals:1 | Entered Level 1 of the Shoals
 37423 | Shoals:1 | Noticed Nikola
 37811 | Shoals:1 | Reached skill level 18 in Polearms
 37827 | Shoals:1 | Killed Nikola
 38659 | Shoals:1 | Reached skill level 19 in Polearms
 38664 | Shoals:1 | Acquired 721 gold pieces
 40195 | Shoals:2 | Reached skill level 20 in Polearms
 40287 | Shoals:2 | Reached XP level 17. HP: 113/140 MP: 21/23
 40609 | Shoals:2 | Received a gift from Okawaru
 41134 | Shoals:2 | Reached skill level 15 in Fighting
 41295 | Shoals:2 | Noticed a kraken
 41900 | Shoals:3 | Noticed Polyphemus
 41951 | Shoals:3 | Killed Polyphemus
 43553 | Lair:4   | Upgraded the game from 0.26-a0-712-ga5a9c9c9d0 to
                  | 0.26-a0-720-g2a1d101370
 44262 | Spider:1 | Found a runed translucent door.
 44279 | Spider:1 | Noticed JolietJake's ghost (adept MiFi)
 44338 | Spider:1 | Reached skill level 10 in Armour
 44424 | Spider:1 | Found a runed translucent door.
 45615 | Spider:2 | Received a gift from Okawaru
 47840 | Spider:3 | Reached XP level 18. HP: 144/153 MP: 22/24
 49829 | Spider:4 | Entered Level 4 of the Spider Nest
 49985 | Spider:4 | Noticed Arachne
 50031 | Spider:4 | Paralysed by a hornet for 1 turns
 50290 | Spider:4 | Received a gift from Okawaru
 51014 | Spider:4 | Killed Arachne
 51489 | Spider:4 | Received a gift from Okawaru
 51489 | Spider:4 | Reached skill level 10 in Bows
 52353 | Spider:4 | Received a gift from Okawaru
 52806 | Spider:4 | Got a gossamer rune of Zot
 53154 | Shoals:3 | Noticed Ilsuiw
 54061 | Shoals:3 | Killed Ilsuiw
 54501 | Shoals:4 | Entered Level 4 of the Shoals
 54965 | Shoals:4 | Found Juleah's Antique Armour Boutique.
 55148 | Shoals:4 | Bought a runed cloak for 187 gold pieces
 55250 | Shoals:4 | Reached skill level 10 in Evocations
 55250 | Shoals:4 | Reached XP level 19. HP: 154/159 MP: 22/25
 56151 | Shoals:4 | Received a gift from Okawaru
 56451 | Shoals:4 | Received a gift from Okawaru
 56679 | Shoals:4 | Got a barnacled rune of Zot
 57397 | Shoals:4 | Learned a level 2 spell: Wereblood
 57608 | Orc:2    | Reached skill level 1 in Translocations
 58510 | Orc:2    | Found a roughly hewn altar of Beogh.
 58812 | Orc:2    | HP: 5/159 [orc priest/divine providence (11)]
 59384 | Orc:2    | Found Xoowuarr's Weapon Shop.
 59384 | Orc:2    | Found Arghe's Armour Shoppe.
 59420 | Orc:2    | Found a staircase to the Elven Halls.
 59646 | Orc:2    | Found Viecheff's Jewellery Shop.
 59646 | Orc:2    | Found Puluttuf's Armour Shoppe.
 59651 | Orc:2    | Bought an uncursed amulet of guardian spirit for 450 gold
                  | pieces
 59679 | Orc:2    | Bought a +2 pair of gloves of dexterity for 344 gold pieces
 60142 | Vaults:1 | Entered Level 1 of the Vaults
 60369 | Vaults:1 | Got a scintillating tin ring
 60370 | Vaults:1 | Identified the ring of the Establishment {MR+ Int+5 Stlth+}
                  | (You found it on level 1 of the Vaults)
 60582 | Vaults:1 | Reached skill level 5 in Translocations
 61423 | Vaults:1 | Received a gift from Okawaru
 61634 | Vaults:1 | Found Uphyx's Magic Scroll Emporium.
 61638 | Vaults:1 | Bought a scroll of enchant weapon for 127 gold pieces
 61638 | Vaults:1 | Bought a scroll of silence for 127 gold pieces
 61638 | Vaults:1 | Bought 3 scrolls of vulnerability for 382 gold pieces
 61883 | Vaults:1 | Reached XP level 20. HP: 110/166 MP: 16/26
 62281 | Vaults:1 | Learned a level 2 spell: Blink
 62516 | Vaults:1 | Received a gift from Okawaru
 64275 | Vaults:2 | Reached skill level 10 in Translocations
 65126 | Vaults:2 | Received a gift from Okawaru
 65508 | Vaults:2 | Noticed Aizul
 65521 | Vaults:2 | Killed Aizul
 66793 | Vaults:2 | Noticed Sojobo
 66801 | Vaults:2 | Received a gift from Okawaru
 66886 | Vaults:2 | HP: 10/249 [air elemental[Sojobo] (6)]
 66892 | Vaults:2 | Killed Sojobo
 67722 | Vaults:2 | Found a staircase to the Crypt.
 67759 | Vaults:2 | Found Fomiz's Distillery.
 67767 | Vaults:2 | Bought a potion of heal wounds for 60 gold pieces
 67767 | Vaults:2 | Bought a potion of heal wounds for 60 gold pieces
 67767 | Vaults:2 | Bought a potion of curing for 36 gold pieces
 67767 | Vaults:2 | Bought a potion of curing for 36 gold pieces
 67767 | Vaults:2 | Bought a potion of resistance for 120 gold pieces
 67767 | Vaults:2 | Bought a potion of flight for 36 gold pieces
 69003 | Vaults:3 | Reached skill level 1 in Spellcasting
 69119 | Vaults:3 | Received a gift from Okawaru
 69129 | Vaults:3 | HP: 2/166 [komodo dragon (shapeshifter) (11)]
 69129 | Vaults:3 | Killed from afar by a wizard

Illustrated notes

Levels and vault maps discovered:
D:1:      psy_arrival_conway, layout_rooms, st_stairs_3
D:2:      layout_rooms, grunt_temple_overflow_open, kennysheep_generic_room_3
D:3:      layout_basic, nicolae_ru_the_path_less_chosen, gammafunk_ghost_grave,
          uniq_jessica
D:4:      layout_cave_pools, bloody_makhleb,
          minmay_temple_entry_statues_pillars, minmay_distorted
D:5:      layout_basic, nicolae_overflow_hidden_temple, tgw_trog
D:6:      layout_rooms, lemuel_round_altar, serial_shops,
          nicolae_shop_overgrown_old_shop
D:7:      cheibrodos_iron_armory, layout_layer_cave,
          ebering_dispersal_statue_hall
D:8:      layout_gridville, marbit_many_paths, lemuel_crystal_altar
D:9:      layout_loops_ring, serial_shops, shop
D:10:     wad_woods_stonehenge, layout_irregular_city,
          due_lair_maze_entry_diamond, minmay_strange_pillars
D:11:     layout_roguey, minmay_orc_entry_guard_dogs, abandoned_shop,
          uniq_psyche
D:12:     minmay_tri_box, layout_basic
D:13:     layout_layer_cave, uniq_jorgrun
D:14:     layout_irregular_city, ximxim_vaults_locker_room, abandoned_shop,
          gauntlet_entry_generic, statue_in_the_mist_lemuel, uniq_kirke
D:15:     gammafunk_depths_entry_grave, layout_small_grid, minmay_crystal_water,
          ebering_ghost_rock_garden, uniq_azrael, uniq_roxanne
Lair:1:   layout_big_grid, uniq_erica
Lair:2:   layout_misc_corridors, minmay_shoals_entry_hut, serial_bayou_pond_d,
          wad_woods_01
Lair:3:   layout_cave_pods, uniq_gastronok
Lair:4:   layout_small_grid, nicolae_spider_entry_non_spiders, basic_altar,
          serial_bayou_shore_a
Lair:5:   minmay_lair_venomous_thicket, layout_gridlike, enter_volcano_3
Lair:6:   minmay_lair_end_frog_pond, layout_regular_city, slime_altar_1,
          zaba_anthell
Shoals:1: layout_shoals, uniq_nikola
Shoals:2: layout_shoals, nicolae_shoals_isolated_beach
Shoals:3: layout_shoals, uniq_ilsuiw, uniq_polyphemus
Shoals:4: shoals_end_hangedman, layout_shoals, serial_shops,
          nicolae_shop_temple_entry_statues_fountains
Spider:1: cheibrodos_spider_deadly_dance, ebering_ghost_reflecting_pool
Spider:2: layout_chambers
Spider:3: layout_spider_delve, portal_ice_cave_entry_ice_statue_two
Spider:4: guppyfry_spider_rune, nicolae_spider_cling_ruins, uniq_arachne
Orc:1:    layout_diamond_mine, basic_altar, nicolae_orc_tapped_out
Orc:2:    st_orc_town, layout_caves
Vaults:1: vaults_room_guarded_vault, v_rooms_3, v_rooms_6,
          nicolae_vaults_disjoint_gnomons, nicolae_vaults_little_squares_2,
          nicolae_vaults_angled_halls, v_misc_15, nicolae_vaults_angled_halls,
          ontoclasm_vaults_decontamination, ontoclasm_vaults_ring_small,
          nicolae_vaults_alarming, layout_vaults_big_cross, serial_shops, shop
Vaults:2: ontoclasm_vaults_eye, v_alt_pattern_6, blue_anna_dwarven_crypt,
          vaults_room_stairs_pillars, vaults_room_fancy_cross,
          grunt_vaults_hallway_short, v_rooms_1, v_alt_pattern_5, v_misc_3,
          hangedman_vaults_hat, v_misc_13, nicolae_vaults_little_squares_3,
          nicolae_vaults_diagonal_hallway_6, ontoclasm_vaults_fault,
          layout_vaults_ring, serial_shops, shop, uniq_aizul, uniq_sojobo
Vaults:3: nicolae_vaults_ninety_degrees, nicolae_vaults_puzzle_piece,
          serial_ice_b, nicolae_vaults_network_barrier, v_misc_4,
          layout_vaults_quadrants

Skill      XL: |  1  2  3  4  5  6  7  8  9 10 11 12 13 14 15 16 17 18 19 20 |
---------------+-------------------------------------------------------------+-----
Polearms       | 5 6 7 8 10 14 16 17 20 | 20.7
Fighting       | 3 6 10 12 14 16 | 16.4
Bows           | 1 6 10 | 10.7
Invocations    | 9 |  9.2
Armour         | 5 9 11 | 11.0
Evocations     | 2 7 10 | 10.1
Dodging        | 11 15 16 18 | 18.0
Translocations | 8 12 | 12.1
Spellcasting   | 3 |  3.9
Throwing       | |  2.8

Action                   |  1- 3 |  4- 6 |  7- 9 | 10-12 | 13-15 | 16-18 | 19-21 || total
-------------------------+-------+-------+-------+-------+-------+-------+-------++-------
Melee: Trident           |    99 |   165 |   130 |   304 |    77 |    13 |       ||   788
       Punch             |       |       |       |     3 |     4 |       |       ||     7
       Glaive            |       |       |       |       |   731 |    63 |       ||   794
       Shortbow          |       |       |       |       |     1 |       |       ||     1
       Bardiche          |       |       |       |       |       |   681 |   443 ||  1124
       Tailslap          |       |       |       |       |       |    40 |     2 ||    42
       Unarmed           |       |       |       |       |       |     5 |       ||     5
 Fire: Shortbow          |       |       |   256 |   401 |   833 |  1108 |       ||  2598
       Longbow           |       |       |       |       |       |     2 |   926 ||   928
Throw: Throwing net      |     6 |       |       |       |       |     2 |       ||     8
       Stone             |     6 |    55 |    29 |       |     2 |       |       ||    92
       Javelin           |       |       |    32 |     5 |    33 |    73 |     5 ||   148
 Cast: Blink             |       |       |       |       |       |       |     1 ||     1
Invok: Heroism           |       |       |    13 |    50 |   103 |   153 |    78 ||   397
       Finesse           |       |       |       |     4 |    14 |     1 |       ||    19
 Abil: Evoke Invisibilit |       |       |       |       |     2 |     1 |       ||     3
Evoke: Wand              |       |       |     3 |    18 |    24 |    48 |    13 ||   106
       Box of beasts     |       |       |       |       |     7 |    18 |    15 ||    40
       Tin of tremorston |       |       |       |       |     6 |    15 |    15 ||    36
       Condenser vane    |       |       |       |       |     1 |    15 |    13 ||    29
       Phantom mirror    |       |       |       |       |       |       |     5 ||     5
  Use: Scroll            |     6 |     8 |    18 |     6 |    14 |    17 |    11 ||    80
       Potion            |       |     1 |     1 |     4 |    15 |    14 |     9 ||    44
 Stab: Paralysed         |       |       |       |       |     4 |     5 |     4 ||    13
       Invisible         |       |       |       |       |     4 |     1 |       ||     5
       Distracted        |       |       |       |       |     1 |     2 |     2 ||     5
Armor: Leather armour    |    13 |       |       |       |       |       |       ||    13
       Ring mail         |    10 |    33 |       |       |       |       |       ||    43
       Chain mail        |       |    30 |   127 |   170 |   351 |       |       ||   678
       Plate armour      |       |       |       |       |   173 |   650 |   515 ||  1338
       Skin              |       |       |       |       |    45 |       |       ||    45
Dodge: Dodged            |    60 |    66 |   119 |   181 |   837 |  1158 |   793 ||  3214
Block: Other             |       |       |       |       |       |   274 |    73 ||   347
       Reflection        |       |       |       |       |       |    20 |     2 ||    22

Table legend: (Time is in decaauts)
 A = Elapsed time spent in this place.
 B = Non-inter-level travel time spent in this place.
 C = Inter-level travel time spent in this place.
 D = Time resting spent in this place.
 E = Time spent auto-exploring this place.
 F = Levels seen in this place.
 G = Mean time per level.
                   A        B        C        D        E       F      G
               +--------+--------+--------+--------+--------+-----+--------+
         Total |  65164 |  62001 |   3163 |  25801 |  24395 |  35 | 1861.8 |
       Dungeon |  23344 |  21730 |   1614 |   7833 |   9974 |  15 | 1556.3 |
          Lair |  12330 |  11684 |    646 |   4693 |   5091 |   6 | 2055.0 |
        Shoals |   8326 |   8022 |    304 |   3366 |   2792 |   4 | 2081.5 |
   Spider Nest |   8849 |   8566 |    283 |   4081 |   2932 |   4 | 2212.2 |
  Orcish Mines |   3301 |   3191 |    110 |   1292 |   1161 |   2 | 1650.5 |
        Vaults |   8262 |   8059 |    203 |   4127 |   2422 |   3 | 2754.0 |
      Gauntlet |    749 |    749 |      0 |    405 |     20 |   1 |  749.0 |
               +--------+--------+--------+--------+--------+-----+--------+

Top non-repeatable levels by time:
Vaults:2: 4003 daAuts
Vaults:1: 3440 daAuts
  Lair:6: 3380 daAuts
Shoals:2: 3093 daAuts
Spider:2: 2985 daAuts
  Lair:4: 2930 daAuts
Shoals:4: 2583 daAuts
Spider:3: 2242 daAuts
    D:10: 2186 daAuts
     D:8: 2140 daAuts
    D:13: 2091 daAuts
    D:11: 2028 daAuts
    D:12: 2016 daAuts
  Lair:2: 2015 daAuts
Spider:4: 1987 daAuts
